TOP OF THE 1ST |
Miami (APP) Marlins batting - Pitching for Ogden Raptors : RHP Chris Hodge
|
Pitching: RHP Chris Hodge
|
|
Batting: RHB Erik Coleman
|
0-0: Ball 1-0: Ground out 6-3 (Groundball, 6, EV 86.2 MPH)
|
Batting: LHB Angelo Estrella
|
0-0: Foul Ball, location: 2F 0-1: Ball 1-1: Foul Ball, location: 2F 1-2: Ball 2-2: Foul Ball, location: 2F 2-2: Ball 3-2: Ground out 5-3 (Groundball, 5L, EV 96.2 MPH)
|
Batting: RHB Isaiah Brockman
|
0-0: Ball 1-0: Called Strike 1-1: Ball 2-1: SOLO HOME RUN (Flyball, 78XD, EV 115.0 MPH), Distance : 436 ft
|
Batting: RHB Harrie de Kam
|
0-0: Called Strike 0-1: Ball 1-1: Swinging Strike 1-2: Ball 2-2: SINGLE (Groundball, 56, EV 100.6 MPH) (infield hit)
|
Pitching: RHP Jeff Lewis
|
|
Batting: RHB Larry LeFever
|
0-0: Ball 1-0: Ball 2-0: SINGLE (Groundball, 56D, EV 95.6 MPH) Harrie de Kam to second
|
Batting: RHB Chris Alft
|
0-0: Ball 1-0: Ball 2-0: Ball 3-0: Base on Balls Harrie de Kam to third Larry LeFever to second
|
Batting: RHB Tony Ledezma
|
0-0: Ball 1-0: Ball 2-0: Ball 3-0: Base on Balls Harrie de Kam scores Larry LeFever to third Chris Alft to second
|
Batting: LHB Danny Treto
|
0-0: Ball 1-0: Ball 2-0: Ball 3-0: Base on Balls Larry LeFever scores Chris Alft to third Tony Ledezma to second
|
Batting: RHB Axel Moltke
|
0-0: Called Strike 0-1: Swinging Strike 0-2: Ball 1-2: Ball 2-2: Foul Ball, location: 2F 2-2: Strikes out swinging
|
Top of the 1st over - 3 runs, 3 hits, 0 errors, 3 left on base; Miami (APP) 3 - Ogden 0 |
BOTTOM OF THE 1ST |
Ogden Raptors batting - Pitching for Miami (APP) Marlins : RHP Jorge Lara
|
Pitching: RHP Jorge Lara
|
|
Batting: RHB Djoka Subasic
|
0-0: Called Strike 0-1: Foul Ball, location: 2F 0-2: Fly out, F6 (Line Drive, 6, EV 75.6 MPH)
|
Batting: LHB Chris Buchan
|
0-0: Ball 1-0: SINGLE (Line Drive, 6D, EV 101.9 MPH)
|
Batting: RHB John Hanson
|
0-0: SINGLE (Line Drive, 4M, EV 97.5 MPH) Chris Buchan to second Runner from 2nd tries for 3rd, SAFE, throw by CF made to third
|
Batting: SHB Ramon Luna
|
0-0: Called Strike 0-1: Foul Ball, location: 2F 0-2: Ball 1-2: Ball 2-2: Strikes out swinging
|
Batting: LHB Jordan Amaker
|
0-0: Called Strike 0-1: Ball 1-1: Ground out 4-3 (Groundball, 4, EV 84.4 MPH)
|
Bottom of the 1st over - 0 runs, 2 hits, 0 errors, 2 left on base; Miami (APP) 3 - Ogden 0 |
TOP OF THE 2ND |
Miami (APP) Marlins batting - Pitching for Ogden Raptors : RHP Jeff Lewis
|
Batting: RHB Erik Coleman
|
0-0: Swinging Strike 0-1: Fly out, F3 (Popup, 3L, EV 65.6 MPH)
|
Batting: LHB Angelo Estrella
|
0-0: Ball 1-0: Ball 2-0: Swinging Strike 2-1: Ball 3-1: Swinging Strike 3-2: Foul Ball, location: 2F 3-2: Base on Balls
|
Batting: RHB Isaiah Brockman
|
0-0: Ball 1-0: Called Strike 1-1: SINGLE (Groundball, 6D, EV 106.9 MPH) Angelo Estrella to second
|
Batting: RHB Harrie de Kam
|
0-0: Ball 1-0: Ball 2-0: Ball 3-0: Base on Balls Angelo Estrella to third Isaiah Brockman to second
|
Batting: RHB Larry LeFever
|
0-0: SINGLE (Line Drive, 9S, EV 87.5 MPH) Angelo Estrella scores Isaiah Brockman to third Harrie de Kam to second Runner from 3rd tries for Home, SAFE, throw by RF to home
|
Batting: RHB Chris Alft
|
0-0: Ball 1-0: SINGLE (Line Drive, 8LS, EV 94.4 MPH) Harrie de Kam to third Larry LeFever to second Runner from 3rd tries for Home, SAFE, throw by CF to home
|
Batting: RHB Tony Ledezma
|
0-0: Foul Ball, location: 2F 0-1: Ball 1-1: Ball 2-1: Foul Ball, location: 2F 2-2: SINGLE (Line Drive, 7S, EV 97.5 MPH) Larry LeFever to third Chris Alft to second
|
Batting: LHB Danny Treto
|
0-0: Ball 1-0: Reached on error, E3 (Groundball, 3S, EV 86.9 MPH) Larry LeFever scores Chris Alft to third Tony Ledezma to second
|
Batting: RHB Axel Moltke
|
0-0: Ball 1-0: SINGLE (Groundball, 6MD, EV 95.0 MPH) Chris Alft scores Tony Ledezma to third Danny Treto to second Runner from 3rd tries for Home, SAFE, throw by CF to home
|
Batting: RHB Erik Coleman
|
0-0: DOUBLE (Flyball, 8RD, EV 97.5 MPH) Danny Treto scores Axel Moltke to third Runner from 3rd tries for Home, SAFE, throw by CF to home
|
Pitching: RHP Kevin Fleming
|
|
Batting: LHB Angelo Estrella
|
0-0: Fly out, F9 (Line Drive, 9, EV 93.8 MPH)
|
Batting: RHB Isaiah Brockman
|
0-0: Ball 1-0: Ball 2-0: Foul Ball, location: 2F 2-1: Foul Ball, location: 2F 2-2: Foul Ball, location: 2F 2-2: Foul Ball, location: 2F 2-2: Ball 3-2: SINGLE (Groundball, 4MD, EV 103.1 MPH) Erik Coleman to third Runner from 3rd tries for Home, SAFE, throw by CF to home
|
Batting: RHB Harrie de Kam
|
0-0: Ball 1-0: Ball 2-0: Ball 3-0: Base on Balls Isaiah Brockman to second
|
Batting: RHB Larry LeFever
|
0-0: Ball 1-0: Foul Ball, location: 2F 1-1: Foul Ball, location: 2F 1-2: Ball 2-2: Hit by Pitch Isaiah Brockman to third Harrie de Kam to second
|
Batting: RHB Chris Alft
|
0-0: Ball 1-0: Ball 2-0: Fly out, F9 (Flyball, 9, EV 88.8 MPH)
|
Top of the 2nd over - 9 runs, 7 hits, 1 error, 3 left on base; Miami (APP) 12 - Ogden 0 |
BOTTOM OF THE 2ND |
Ogden Raptors batting - Pitching for Miami (APP) Marlins : RHP Jorge Lara
|
Batting: LHB Bryan Rouse
|
0-0: SINGLE (Groundball, 6MD, EV 95.0 MPH)
|
Batting: LHB Gary Salazar
|
0-0: Foul Ball, location: 2F 0-1: Ball 1-1: Called Strike 1-2: Strikes out swinging
|
Pitching: LHP Melvin Castro
|
|
Batting: RHB Alfredo Sanchez
|
0-0: Called Strike 0-1: Swinging Strike 0-2: Ball 1-2: Strikes out swinging
|
Batting: RHB Victor Delgado
|
0-0: Called Strike 0-1: Called Strike 0-2: Strikes out swinging, 2-3 out at first.
|
Bottom of the 2nd over - 0 runs, 1 hit, 0 errors, 1 left on base; Miami (APP) 12 - Ogden 0 |
TOP OF THE 3RD |
Miami (APP) Marlins batting - Pitching for Ogden Raptors : RHP Kevin Fleming
|
Batting: RHB Tony Ledezma
|
0-0: Called Strike 0-1: Ball 1-1: SINGLE (Groundball, 4M, EV 103.8 MPH)
|
Batting: LHB Danny Treto
|
0-0: Called Strike 0-1: Ball 1-1: Ball 2-1: DOUBLE (Flyball, 8RXD, EV 102.5 MPH) Tony Ledezma to third Runner from 3rd tries for Home, SAFE, throw by CF to home
|
Batting: RHB Axel Moltke
|
0-0: Ground out U3 (Groundball, 34, EV 83.8 MPH) Danny Treto to third
|
Batting: RHB Erik Coleman
|
0-0: Ball 1-0: SINGLE (Line Drive, 7S, EV 112.5 MPH) Danny Treto scores
|
Batting: LHB Angelo Estrella
|
0-0: Called Strike 0-1: Ball 1-1: Ball 2-1: Ball 3-1: Foul Ball, location: 2F 3-2: Fielders Choice at 2nd, 6-4 (Groundball, 56, EV 103.8 MPH)
|
Batting: RHB Isaiah Brockman
|
0-0: Ball 1-0: Fielders Choice at 2nd, U4 (Groundball, 4M, EV 85.6 MPH)
|
Top of the 3rd over - 2 runs, 3 hits, 0 errors, 1 left on base; Miami (APP) 14 - Ogden 0 |
BOTTOM OF THE 3RD |
Ogden Raptors batting - Pitching for Miami (APP) Marlins : LHP Melvin Castro
|
Now in LF: Emilio Montalvo
|
|
Batting: RHB Djoka Subasic
|
0-0: Called Strike 0-1: Ground out 5-3 (Groundball, 5, EV 81.9 MPH)
|
Batting: LHB Chris Buchan
|
0-0: Foul Ball, location: 2F 0-1: Ball 1-1: Foul Ball, location: 2F 1-2: Fly out, F7 (Line Drive, 7, EV 89.4 MPH)
|
Batting: RHB John Hanson
|
0-0: SINGLE (Line Drive, 8LS, EV 108.8 MPH)
|
Batting: SHB Ramon Luna
|
0-0: Called Strike 0-1: Ball 1-1: Ball 2-1: Swinging Strike 2-2: Ball 3-2: SINGLE (Groundball, 6D, EV 103.8 MPH) John Hanson to second John Hanson to third
|
Pitching: RHP Mario Cota
|
|
Batting: LHB Jordan Amaker
|
0-0: Ball 1-0: Ball 2-0: Ball 3-0: Called Strike 3-1: Foul Ball, location: 2F 3-2: Fly out, F8 (Line Drive, 8LM, EV 111.2 MPH)
|
Bottom of the 3rd over - 0 runs, 2 hits, 0 errors, 2 left on base; Miami (APP) 14 - Ogden 0 |
TOP OF THE 4TH |
Miami (APP) Marlins batting - Pitching for Ogden Raptors : RHP Kevin Fleming
|
Batting: RHB Harrie de Kam
|
0-0: Ball 1-0: Called Strike 1-1: SINGLE (Groundball, 6S, EV 69.4 MPH) (infield hit)
|
Batting: RHB Larry LeFever
|
0-0: Foul Ball, location: 2F 0-1: Ball 1-1: Foul Ball, location: 2F 1-2: Ball Wild Pitch! Harrie de Kam to second 2-2: Ground out 6-3 (Groundball, 6, EV 106.9 MPH)
|
Batting: RHB Chris Alft
|
0-0: Called Strike 0-1: Ball 1-1: Ball 2-1: Ball 3-1: Base on Balls
|
Batting: RHB Tony Ledezma
|
0-0: Ball 1-0: Fly out, F8 (Flyball, 89M, EV 95.0 MPH)
|
Batting: LHB Danny Treto
|
0-0: Ball 1-0: Ball 2-0: Called Strike 2-1: Called Strike 2-2: SINGLE (Groundball, 4M, EV 97.5 MPH) (infield hit) Harrie de Kam to third Chris Alft to second
|
Batting: RHB Axel Moltke
|
0-0: Called Strike 0-1: Foul Ball, location: 2F 0-2: Ball 1-2: Foul Ball, location: 2F 1-2: DOUBLE (Groundball, 5L, EV 95.0 MPH) Harrie de Kam scores Chris Alft scores Danny Treto to third Runner from 3rd tries for Home, SAFE, throw by LF to home
|
Batting: LHB Emilio Montalvo
|
0-0: Called Strike 0-1: Swinging Strike 0-2: Foul Ball, location: 2F 0-2: Ball 1-2: Ball 2-2: SINGLE (Line Drive, 8RM, EV 98.8 MPH) Axel Moltke to third Throwing error, E8 Axel Moltke scores Emilio Montalvo to second
|
Batting: LHB Angelo Estrella
|
0-0: 2-RUN HOME RUN (Flyball, 9D, EV 101.2 MPH), Distance : 390 ft
|
Batting: RHB Isaiah Brockman
|
0-0: Single, Error in OF, E7, batter to second base (Line Drive, 5D, EV 104.4 MPH)
|
Batting: RHB Harrie de Kam
|
0-0: Ball 1-0: Called Strike 1-1: SINGLE (Flyball, 9LS, EV 95.0 MPH) Isaiah Brockman to third Runner from 3rd tries for Home, SAFE, throw by RF to home
|
Batting: RHB Larry LeFever
|
0-0: Ball 1-0: Foul Ball, location: 2F 1-1: Swinging Strike 1-2: Ball 2-2: Ball Passed Ball! Harrie de Kam to second 3-2: Base on Balls
|
Batting: RHB Chris Alft
|
0-0: SINGLE (Flyball, 89S, EV 89.4 MPH) Harrie de Kam to third Larry LeFever to second Throwing error, E8 Harrie de Kam scores Larry LeFever to third Chris Alft to second
|
Batting: RHB Tony Ledezma
|
0-0: Foul Ball, location: 2F 0-1: Ball 1-1: Ground out 5-3 (Groundball, 56, EV 99.4 MPH)
|
Top of the 4th over - 8 runs, 8 hits, 3 errors, 2 left on base; Miami (APP) 22 - Ogden 0 |
BOTTOM OF THE 4TH |
Ogden Raptors batting - Pitching for Miami (APP) Marlins : RHP Mario Cota
|
Batting: LHB Bryan Rouse
|
0-0: Ground out 1-3 (Groundball, 13, EV 68.8 MPH)
|
Batting: LHB Gary Salazar
|
0-0: Called Strike 0-1: Ground out U3 (Groundball, 3, EV 105.0 MPH)
|
Batting: RHB Alfredo Sanchez
|
0-0: Ground out 6-3 (Groundball, 6, EV 85.0 MPH)
|
Bottom of the 4th over - 0 runs, 0 hits, 0 errors, 0 left on base; Miami (APP) 22 - Ogden 0 |
TOP OF THE 5TH |
Miami (APP) Marlins batting - Pitching for Ogden Raptors : RHP Kevin Fleming
|
Batting: LHB Danny Treto
|
0-0: Ball 1-0: Foul Ball, location: 2F 1-1: Ground out 4-3 (Groundball, 4, EV 81.9 MPH)
|
Batting: RHB Axel Moltke
|
0-0: Ball 1-0: DOUBLE (Flyball, 8RXD, EV 109.4 MPH)
|
Batting: LHB Emilio Montalvo
|
0-0: Ball 1-0: Foul Ball, location: 7LSF, Error on foul ball, E7 1-1: Ball 2-1: Ball 3-1: Foul Ball, location: 2F 3-2: Strikes out swinging
|
Batting: LHB Angelo Estrella
|
0-0: SINGLE (Line Drive, 78S, EV 96.2 MPH) Axel Moltke to third Throwing error, E7 Axel Moltke scores Angelo Estrella to second
|
Batting: RHB Isaiah Brockman
|
0-0: Ball 1-0: Foul Ball, location: 2F 1-1: Ball 2-1: Ball 3-1: Base on Balls
|
Batting: RHB Harrie de Kam
|
0-0: Called Strike 0-1: Ground out U3 (Groundball, 3, EV 98.8 MPH)
|
Top of the 5th over - 1 run, 2 hits, 2 errors, 2 left on base; Miami (APP) 23 - Ogden 0 |
BOTTOM OF THE 5TH |
Ogden Raptors batting - Pitching for Miami (APP) Marlins : RHP Mario Cota
|
Batting: RHB Victor Delgado
|
0-0: Ball 1-0: Ground out 4-3 (Groundball, 4S, EV 75.0 MPH)
|
Batting: RHB Djoka Subasic
|
0-0: Ball 1-0: Swinging Strike 1-1: Foul Ball, location: 2F 1-2: Ball 2-2: Ground out 6-3 (Groundball, 6, EV 95.6 MPH)
|
Batting: LHB Chris Buchan
|
0-0: Ball 1-0: Ball 2-0: Foul Ball, location: 2F 2-1: Foul Ball, location: 2F 2-2: Fly out, F6 (Popup, 6, EV 60.0 MPH)
|
Bottom of the 5th over - 0 runs, 0 hits, 0 errors, 0 left on base; Miami (APP) 23 - Ogden 0 |
TOP OF THE 6TH |
Miami (APP) Marlins batting - Pitching for Ogden Raptors : RHP Kevin Fleming
|
Batting: RHB Larry LeFever
|
0-0: Ball 1-0: Called Strike 1-1: Swinging Strike 1-2: Ball 2-2: Foul Ball, location: 2F 2-2: Ball 3-2: Base on Balls
|
Batting: RHB Chris Alft
|
0-0: Called Strike 0-1: Ground out 6-3 (Groundball, 6MS, EV 86.2 MPH) Larry LeFever to second
|
Batting: RHB Tony Ledezma
|
0-0: Ball 1-0: Foul Ball, location: 2F 1-1: Ball 2-1: Called Strike 2-2: Ball 3-2: Base on Balls
|
Batting: LHB Danny Treto
|
0-0: Ball 1-0: DOUBLE (Line Drive, 78D, EV 108.1 MPH) Larry LeFever scores Tony Ledezma to third
|
Batting: RHB Axel Moltke
|
0-0: Ball 1-0: Fly out, F8 (Flyball, 78XD, EV 86.9 MPH) Runner from 3rd tags up, SCORES, no throw by CF
|
Batting: LHB Emilio Montalvo
|
0-0: Foul Ball, location: 2F 0-1: Ball 1-1: Ground out U3 (Groundball, 3, EV 103.8 MPH)
|
Top of the 6th over - 2 runs, 1 hit, 0 errors, 1 left on base; Miami (APP) 25 - Ogden 0 |
BOTTOM OF THE 6TH |
Ogden Raptors batting - Pitching for Miami (APP) Marlins : RHP Mario Cota
|
Batting: RHB John Hanson
|
0-0: Fly out, F9 (Flyball, 9D, EV 104.4 MPH)
|
Batting: SHB Ramon Luna
|
0-0: Ball 1-0: Called Strike 1-1: Ball 2-1: SINGLE (Groundball, 4MD, EV 105.6 MPH)
|
Batting: LHB Jordan Amaker
|
0-0: Ball Wild Pitch! Ramon Luna to second 1-0: SINGLE (Line Drive, 8LS, EV 102.5 MPH) Ramon Luna to third
|
Batting: LHB Bryan Rouse
|
0-0: Grounds into double play, 4-6-3 (Groundball, 4, EV 85.6 MPH)
|
Bottom of the 6th over - 0 runs, 2 hits, 0 errors, 1 left on base; Miami (APP) 25 - Ogden 0 |
TOP OF THE 7TH |
Miami (APP) Marlins batting - Pitching for Ogden Raptors : RHP Kevin Fleming
|
Batting: LHB Angelo Estrella
|
0-0: Ground out 1-3 (Groundball, 13S, EV 76.9 MPH)
|
Batting: RHB Isaiah Brockman
|
0-0: Ball 1-0: Ball 2-0: Ball 3-0: Base on Balls
|
Batting: RHB Harrie de Kam
|
0-0: Ball 1-0: Foul Ball, location: 2F 1-1: Foul Ball, location: 2F 1-2: Ball 2-2: Foul Ball, location: 2F 2-2: Ball 3-2: Base on Balls Isaiah Brockman to second
|
Batting: RHB Larry LeFever
|
0-0: Foul Ball, location: 2F 0-1: Fielders Choice at 2nd, 4-6 (Groundball, 4MD, EV 88.8 MPH) Isaiah Brockman to third
|
Batting: RHB Chris Alft
|
0-0: DOUBLE (Line Drive, 8RXD, EV 103.8 MPH) Isaiah Brockman scores Larry LeFever to third Runner from 3rd tries for Home, SAFE, throw by CF to trailing runner, SAFE at third!
|
Batting: RHB Tony Ledezma
|
0-0: Ground out 6-3 (Groundball, 6, EV 81.2 MPH)
|
Top of the 7th over - 2 runs, 1 hit, 0 errors, 1 left on base; Miami (APP) 27 - Ogden 0 |
BOTTOM OF THE 7TH |
Ogden Raptors batting - Pitching for Miami (APP) Marlins : RHP Mario Cota
|
Batting: LHB Gary Salazar
|
0-0: Reached on error, E6 (Groundball, 6, EV 102.5 MPH)
|
Batting: RHB Alfredo Sanchez
|
0-0: Ball 1-0: Ball 2-0: Sac Bunt to 13 - play at first, batter OUT! 1-4 Gary Salazar to third
|
Batting: RHB Victor Delgado
|
0-0: Ball 1-0: Ground out 6-3 (Groundball, 6, EV 92.5 MPH) Gary Salazar scores
|
Batting: RHB Djoka Subasic
|
0-0: Swinging Strike 0-1: Hit by Pitch
|
Batting: LHB Chris Buchan
|
0-0: Ball 1-0: Ground out U3 (Groundball, 3, EV 101.9 MPH)
|
Bottom of the 7th over - 1 run, 0 hits, 1 error, 1 left on base; Miami (APP) 27 - Ogden 1 |
TOP OF THE 8TH |
Miami (APP) Marlins batting - Pitching for Ogden Raptors : RHP Kevin Fleming
|
Batting: LHB Danny Treto
|
0-0: SINGLE (Line Drive, 6MD, EV 95.6 MPH)
|
Batting: RHB Axel Moltke
|
0-0: Ball 1-0: Ball 2-0: Swinging Strike 2-1: Ball 3-1: Swinging Strike 3-2: Foul Ball, location: 2F 3-2: Fielders Choice at 2nd, 5-4 (Groundball, 56, EV 83.8 MPH)
|
Batting: LHB Emilio Montalvo
|
0-0: Ball 1-0: Fielders Choice at 2nd, 4-6 (Groundball, 34, EV 87.5 MPH)
|
Batting: LHB Angelo Estrella
|
0-0: SINGLE (Line Drive, 89S, EV 91.2 MPH) Emilio Montalvo to second
|
Batting: RHB Isaiah Brockman
|
0-0: Ball 1-0: Ball 2-0: Foul Ball, location: 2F 2-1: Foul Ball, location: 2F 2-2: Ball 3-2: Foul Ball, location: 2F 3-2: Foul Ball, location: 2F 3-2: Base on Balls Emilio Montalvo to third Angelo Estrella to second
|
Batting: RHB Harrie de Kam
|
0-0: Ball 1-0: Foul Ball, location: 2F 1-1: Fly out, F6 (Flyball, 6D, EV 78.1 MPH)
|
Top of the 8th over - 0 runs, 2 hits, 0 errors, 3 left on base; Miami (APP) 27 - Ogden 1 |
BOTTOM OF THE 8TH |
Ogden Raptors batting - Pitching for Miami (APP) Marlins : RHP Mario Cota
|
Pitching: RHP Rick Knoblauch
|
|
Batting: RHB John Hanson
|
0-0: Fly out, F8 (Flyball, 8LD, EV 94.4 MPH)
|
Batting: SHB Ramon Luna
|
0-0: Ball 1-0: Ground out 4-3 (Groundball, 4, EV 86.9 MPH)
|
Batting: LHB Jordan Amaker
|
0-0: Ball 1-0: Ball 2-0: Ground out 4-3 (Groundball, 4, EV 105.0 MPH)
|
Bottom of the 8th over - 0 runs, 0 hits, 0 errors, 0 left on base; Miami (APP) 27 - Ogden 1 |
TOP OF THE 9TH |
Miami (APP) Marlins batting - Pitching for Ogden Raptors : RHP Kevin Fleming
|
Batting: RHB Larry LeFever
|
0-0: Ground out 6-3 (Groundball, P, EV 92.5 MPH)
|
Batting: RHB Chris Alft
|
0-0: SOLO HOME RUN (Flyball, 7LD, EV 101.2 MPH), Distance : 360 ft
|
Batting: RHB Tony Ledezma
|
0-0: Swinging Strike 0-1: Ball 1-1: Foul Ball, location: 2F 1-2: Foul Ball, location: 2F 1-2: Foul Ball, location: 2F 1-2: Fly out, F9 (Flyball, 9D, EV 75.0 MPH)
|
Batting: LHB Danny Treto
|
0-0: SINGLE (Groundball, 34D, EV 103.1 MPH)
|
Batting: RHB Axel Moltke
|
0-0: Swinging Strike 0-1: Ball 1-1: Swinging Strike 1-2: Ball 2-2: Ball 3-2: Base on Balls Danny Treto to second
|
Batting: LHB Emilio Montalvo
|
0-0: Called Strike 0-1: Fly out, F9 (Line Drive, 9D, EV 90.0 MPH)
|
Top of the 9th over - 1 run, 2 hits, 0 errors, 2 left on base; Miami (APP) 28 - Ogden 1 |
BOTTOM OF THE 9TH |
Ogden Raptors batting - Pitching for Miami (APP) Marlins : RHP Rick Knoblauch
|
Batting: LHB Bryan Rouse
|
0-0: SINGLE (Groundball, 6MD, EV 100.0 MPH)
|
Batting: LHB Gary Salazar
|
0-0: Ball 1-0: Fielders Choice at 2nd, 3-6 (Groundball, 3, EV 87.5 MPH)
|
Batting: RHB Alfredo Sanchez
|
0-0: Ball 1-0: Swinging Strike 1-1: Ball 2-1: Grounds into double play, 4-6-3 (Groundball, 4M, EV 93.1 MPH)
|
Bottom of the 9th over - 0 runs, 1 hit, 0 errors, 0 left on base; Miami (APP) 28 - Ogden 1 |
|